 Dungeon Crawl Stone Soup version 0.24.0-37-gcf1ca852f1 (webtiles) character file.

Game seed: 3306397864831025419, levelgen mode: deterministic

45 RandomHijinx the Slasher (level 3, 0/29 HPs)
             Began as a Barachi Warper on Dec 3, 2019.
             Succumbed to an adder's poison
             ... on level 2 of the Dungeon.
             The game lasted 00:03:17 (1375 turns).

RandomHijinx the Slasher (Barachi Warper)           Turns: 1375, Time: 00:03:18

Health: 0/29       AC:  3    Str: 12    XL:     3   Next: 64%
Magic:  6/6        EV: 12    Int: 14    God:
Gold:   59         SH:  0    Dex: 11    Spells: 4/6 levels left

rFire    . . .     SeeInvis .   a - +0 falchion
rCold    . . .     Gourm    .   (no shield)
rNeg     . . .     Faith    .   b - +0 leather armour
rPois    .         Spirit   .   (no helmet)
rElec    .         Reflect  .   (no cloak)
rCorr    .         Harm     .   (no gloves)
MR       .....                  (no boots)
Stlth    +.........             (no amulet)
HPRegen  0.09/turn              (no ring)
MPRegen  0.10/turn              (no ring)

@: lethally poisoned (0 -> -4), flying, slow
A: +LOS, swims, slowness 1, strong legs 1
a: Hop


You were on level 2 of the Dungeon.
You were not hungry.

You visited 1 branch of the dungeon, and saw 2 of its levels.

You collected 59 gold pieces.

Inventory:

Hand Weapons
 a - a +0 falchion (weapon)
Missiles
 e - 5 boomerangs of dispersal (quivered)
Armour
 b - a +0 leather armour (worn)
Scrolls
 d - a scroll of blinking
 h - a scroll of amnesia
Potions
 g - 2 potions of flight
Comestibles
 f - 3 rations
 i - a chunk of flesh


   Skills:
 + Level 3.1 Fighting
 * Level 3.7 Long Blades
 - Level 1.0 Throwing
 - Level 1.2 Armour
 + Level 2.8 Dodging
 - Level 2.1 Spellcasting
 - Level 3.2 Translocations


You had 4 spell levels left.
You knew the following spells:

 Your Spells              Type           Power        Failure   Level  Hunger
a - Blink                 Tloc           N/A          12%         2    ###....

Your spell library contained the following spells:

 Spells                   Type           Power        Failure   Level  Hunger
 Shroud of Golubria       Chrm/Tloc      #.....       22%         2    ###....
 Gell's Gravitas          Tloc           ##........   22%         3    ###....
 Lesser Beckoning         Tloc           ##........   22%         3    ###....
 Teleport Other           Tloc           ##......     22%         3    ###....
 Passage of Golubria      Tloc           N/A          58%         4    #####..


Dungeon Overview and Level Annotations

Branches:
Dungeon (2/15)

Altars:


Innate Abilities, Weirdness & Mutations

Shadows flee at your approach. (+LOS)
You can swim through water.
You cover ground slowly.
You can hop short distances.


Message History

You feel aware of your surroundings.
It was a scroll of magic mapping.
* * * LOW HITPOINT WARNING * * *
You feel sick.
Okay, then.
Okay, then.
* * * LOW HITPOINT WARNING * * *
You feel sick.
There is an open door here.
* * * LOW HITPOINT WARNING * * *
You feel sick.
* * * LOW HITPOINT WARNING * * *
You feel sick.
* * * LOW HITPOINT WARNING * * *
You feel sick.
Found 11 gold pieces.
An orc and an orc priest come into view.
* * * LOW HITPOINT WARNING * * *
You feel sick.
There is an open door here.
You die...

###.....####..#,,,,o.o#,,,,,**
...†.......'..#*,,...#*,,,,,,*
#####...####..##*,⌠$#**,.,,,**
#..## ##..#######.b.*,** #.##
##.........#,*** #.*
##....####*,,,* #.* ##'###
***,* #.* #.########*,* #,*
#@........*,*
*,*********#..######.*,*
*,**,,,,,,,.....,* *,*,*
*,**,*****.....#.# *,*,*
*,**,* ##...##,#**,*,* *,**,*
##..#*,,,,,,,* *,,,,*
##..,,,,,,*** ******
*##*******


You could see an orc.

Vanquished Creatures
  An adder (D:2)
  2 worms (D:2)
  A leopard gecko (D:2)
  A ball python (D:1)
  6 bats (D:1)
  3 giant cockroaches
  3 hobgoblins
  2 kobolds (D:1)
  4 goblins
  4 rats
27 creatures vanquished.

Notes
Turn   | Place    | Note
-------+----------+-------------------------------------------
     0 | D:1      | RandomHijinx the Barachi Warper began the quest for the
                  | Orb.
     0 | D:1      | Reached XP level 1. HP: 17/17 MP: 3/3
   142 | D:1      | Reached XP level 2. HP: 12/23 MP: 5/5
   896 | D:2      | Learned a level 2 spell: Blink
  1083 | D:2      | Reached XP level 3. HP: 21/29 MP: 6/6
  1373 | D:2      | HP: 1/29 [poisoned by an adder]
  1375 | D:2      | Succumbed to an adder's poison

Levels and vault maps discovered:
D:1:      lightli_arrival_windingriver, layout_basic
D:2:      cheibrodos_pilgrimage, layout_loops_corners

Skill      XL: |  1  2 |
---------------+-------+-----
Long Blades    | 3 |  3.7
Fighting       | 3 |  3.1
Throwing       | |  1.0
Armour         | |  1.2
Dodging        | |  2.8
Spellcasting   | |  2.1
Translocations | |  3.2

Action                   || total
-------------------------++-------
Melee: Falchion          ||   121
 Abil: Hop               ||     1
  Use: Scroll            ||     2
       Potion            ||     1
  Eat: Chunk             ||     2
Armor: Leather armour    ||    44
Dodge: Dodged            ||   103
       Rpst.: Falchion   ||    34
